 Dungeon Crawl Stone Soup version 0.18.1-50-g88ac8fd (webtiles) character file.

1876038 sleepydude the Impregnable (level 27, 223/271 HPs)
             Began as a Deep Dwarf Fighter on Oct 8, 2016.
             Was the Champion of Makhleb.
             Escaped with the Orb
             ... and 3 runes!
             The game lasted 06:12:15 (57355 turns).

sleepydude the Impregnable (Deep Dwarf Fighter)    Turns: 57355, Time: 06:12:15

Health: 223/271    AC: 38    Str: 31      XL:     27
Magic:  12/12      EV: 24    Int:  8 (9)  God:    Makhleb [******]
Gold:   6071       SH: 31    Dex: 19      Spells: 1 memorised, 31 levels left

rFire  + + +     SeeInvis .     Z - +9 demon whip (elec)
rCold  + + +     Gourm    .     H - +7 gold dragon armour
rNeg   + . .     Faith    .     j - +2 large shield
rPois  +         Spirit   .     E - +1 helmet of Tenacity {*Contam rC++ Dex+6}
rElec  .         Dismiss  .     U - +2 cloak {+Inv}
rCorr  .         Reflect  +     V - +0 pair of gloves of the Nine of Cups {rF+}
SustAt .         Harm     .     r - +1 pair of boots
MR     ++++.                    x - +2 amulet of reflection
Stlth  ..........               v - +3 ring of strength
                                P - +4 ring of slaying

@: very slightly contaminated, non-regenerating, incredibly resistant to hostile
enchantments, extremely unstealthy
A: damage resistance, recharge devices, repulsion field 1, clumsy 1, deformed
body, deterioration 1, fire resistance 1, low mp 1, negative energy resistance
1, sense surroundings 3, slow regeneration 3, weak 1, subdued magic 1
a: Device Recharging, Minor Destruction, Lesser Servant of Makhleb, Major
Destruction, Greater Servant of Makhleb, Renounce Religion, Evoke Invisibility
0: Orb of Zot
}: 3/15 runes: decaying, silver, gossamer


You escaped.
You worshipped Makhleb.
Makhleb was exalted by your worship.
You were not hungry.

You visited 12 branches of the dungeon, and saw 52 of its levels.

You collected 7817 gold pieces.
You spent 1746 gold pieces at shops.

Inventory:

Hand Weapons
 l - the +6 mace of the Magi {freeze, +Blink +Inv Str+6 Int+2}
   (You found it on level 4 of the Depths)

   It has been specially enchanted to freeze those struck by it, causing extra
   injury to most foes and up to half again as much damage against particularly
   susceptible opponents.
   It can also slow down cold-blooded creatures.
   It affects your strength (+6).
   It affects your intelligence (+2).
   It lets you turn invisible.
   It lets you blink.
 Z - a +9 demon whip of electrocution (weapon)
Armour
 c - a +4 plate armour
 j - a +2 large shield (worn)
 p - a +2 cloak
 r - a +1 pair of boots (worn)
 B - a +2 helmet of intelligence
 E - the +1 helmet of Tenacity (worn) {*Contam rC++ Dex+6}
   (You found it on level 5 of the Vaults)

   It affects your dexterity (+6).
   It greatly protects you from cold.
   It causes magical contamination when unequipped.
 H - a +7 gold dragon armour (worn)
 S - a +0 pair of gloves
 U - a +2 cloak of invisibility (worn)
 V - the +0 pair of gloves of the Nine of Cups (worn) {rF+}
   (You found it on level 3 of the Depths)

   It protects you from fire.
 X - a +0 shield of reflection
Jewellery
 n - an uncursed ring of protection from fire
 v - a +3 ring of strength (right hand)
 w - an uncursed ring of poison resistance
 x - a +2 amulet of reflection (around neck)
 y - an uncursed ring of resist corrosion
 P - a +4 ring of slaying (left hand)
 R - an uncursed ring of protection from fire
Wands
 e - a wand of heal wounds (9/9)
 i - a wand of iceblast (5/15)
 k - a wand of digging (9/24)
 J - a wand of teleportation (6/9)
 K - a wand of hasting (1/9)
Scrolls
 b - 20 scrolls of teleportation
 g - 7 scrolls of holy word
 m - a scroll of summoning
 o - 22 scrolls of remove curse
 q - 5 scrolls of blinking
 G - 3 scrolls of magic mapping
 I - 4 scrolls of recharging
 M - 10 scrolls of amnesia
 Y - 7 scrolls of fog
Potions
 a - a potion of magic
 t - 6 potions of cure mutation
 u - 2 potions of invisibility
 z - 13 potions of curing
 C - 4 potions of heal wounds
 D - 8 potions of agility
 F - 11 potions of flight
 L - a potion of resistance
 N - a potion of cancellation
Comestibles
 f - 32 bread rations
 h - 19 meat rations


   Skills:
 + Level 20.6 Fighting
 - Level 12.0 Maces & Flails
 + Level 23.5 Armour
 + Level 23.2 Dodging
 + Level 23.5 Shields
 - Level 4.9 Spellcasting
 - Level 8.5 Necromancy
 + Level 17.2 Invocations
 - Level 12.6 Evocations


You had 31 spell levels left.
You knew the following spells:

 Your Spells              Type           Power        Failure   Level  Hunger
a - Animate Dead          Necr           N/A          69%         4    #####..


Dungeon Overview and Level Annotations

Branches:
Dungeon (15/15)            Temple (1/1) D:7            Lair (8/8) D:9
  Swamp (4/4) Lair:5       Spider (4/4) Lair:5        Slime (1/6) Lair:7
    Orc (2/2) D:12            Elf (1/3) Orc:2        Vaults (5/5) D:14
  Crypt (1/3) Vaults:3     Depths (5/5) D:15            Zot (5/5) Depths:5

Altars:
Ashenzari
Dithmenos
Elyvilon
Fedhas
Gozag
Kikubaaqudgha
Makhleb
Nemelex Xobeh
Okawaru
Pakellas
Qazlal
Ru
Sif Muna
Trog
Vehumet
Xom
The Shining One
Beogh
Jiyva

Shops:
D:6 (*=(   D:14 ?   Orc:2 ([}*   Vaults:3 *   Vaults:4 (*[   Depths:1 (

Portals:
Hell: Depths:1 Depths:2 Depths:3 Depths:4 Depths:5
Abyss: Depths:2 Depths:4 Depths:5
Pandemonium: Depths:1 Depths:3 Depths:4
Ziggurat: Depths:4

Annotations:
Swamp:4 exclusion: Roxanne, Roxanne


Innate Abilities, Weirdness & Mutations

You are resistant to damage.
You can recharge devices by infusing magical energy.
You resist negative energy.
You passively map a large area around you.
You do not regenerate naturally.
You are surrounded by a mild repulsion field (EV +2).
You are clumsy. (Dex -2)
Armour fits poorly on your strangely shaped body.
Your body sometimes deteriorates upon taking damage.
Your flesh is heat resistant.
Your magical capacity is low (-10% MP).
You are weak. (Str -2)
Your spells are a little easier to cast, but a little less powerful.


Message History

You kill the green death!
Makhleb accepts your kill.
You feel better.
An orange demon comes into view.
The orange demon screeches!
You block the orange demon's attack. x2
You thrash the orange demon!!
The orange demon is heavily wounded.
You thrash the orange demon!!
There is a sudden explosion of sparks!
The orange demon is almost dead.
You block the orange demon's attack. The orange demon misses you.
You whack the orange demon!
You kill the orange demon!
Makhleb accepts your kill.
You feel better.
There is a huge open gate here.
The kobold shouts! x2
There is an open gate here.
There is a staircase leading out of the dungeon here.
You have escaped!

....#.###### #.# #.##
...##......# #.# #.# #.########.#
#.# #.# #.# #.# #.# #.# #.#
#####.##############.####.#
#.####.......................#.#
#..........................#.#.#
#)####..#################..#.#.#
#.# #..#≈§§≈≈≈§@§§≈≈≈≈≈#....#.##
..# #..#§§≈≈≈≈≈.≈§≈≈≈≈≈#........
#.####..#≈≈≈≈§§.§§§.≈≈≈≈#...#..##
#.##....#≈≈≈..........≈≈#........
........#§≈............≈#..#.####
#.##....#≈.............≈#....# #
#.##....###..8.###.8..###..###
#.##.#..#K#...........#K#...#
#)##.#..#######'''#######...#


You could see 2 kobolds.

Vanquished Creatures
  7 ancient liches
  5 orbs of fire
  Mennas (Vaults:4)
  Mara (Vaults:4)
  A juggernaut (Depths:3)
  A shard shrike (Zot:4)
  Frederick (Vaults:2)
  2 Killer Klowns
  A curse toe (Zot:3)
  15 golden dragons
  2 bone dragons
  An iron giant (Depths:4)
  4 electric golems
  Jorgrun (Vaults:3)
  2 liches
  12 tentacled monstrosities
  21 Orb Guardians (Zot:5)
  5 titans (Vaults:5)
  A large abomination (Vaults:5)
  2 quicksilver dragons
  8 sphinxes
  2 acid blobs (Slime:1)
  Frances (Spider:1)
  3 thorn hunters
  Agnes (Spider:1)
  14 death cobs
  12 storm dragons
  4 shadow dragons
  5 tengu reavers
  7 draconian monks
  A storm dragon (shapeshifter) (Vaults:5)
  Maud (D:13)
  11 fire giants
  Wiglaf (Spider:4)
  24 vault wardens
  Donald (Swamp:2)
  12 draconian scorchers
  10 draconian shifters
  6 frost giants
  8 ghost moths
  3 deep elf sorcerers
  7 emperor scorpions
  A deep elf elementalist (Vaults:5)
  5 draconian knights
  4 draconian zealots
  3 iron dragons
  Louise (Spider:2)
  3 spriggan defenders
  A reaper (Depths:1)
  21 very ugly things
  16 ironheart preservers
  16 stone giants
  4 draconian annihilators (Zot:2)
  8 green draconians
  9 black draconians
  6 draconian callers
  6 war gargoyles
  5 vampire knights
  Azrael (Spider:2)
  3 deep elf annihilators (Vaults:5)
  3 salamander stormcallers (Depths:3)
  19 white draconians
  3 deep elf demonologists
  12 yellow draconians
  6 mottled draconians
  8 purple draconians
  8 red draconians
  2 spark wasps
  Snorg (Lair:5)
  26 ettins
  A blizzard demon (Depths:3)
  A merfolk javelineer (Depths:1)
  36 vault guards
  A merfolk impaler (Depths:1)
  A death ooze (Lair:7)
  A deep elf death mage (Depths:3)
  10 great orbs of eyes
  2 deep elf high priests (Depths:3)
  A fire dragon (shapeshifter) (Vaults:1)
  A green death (D:1)
  17 fire dragons
  14 yaktaur captains
  2 great orbs of eyes (shapeshifter)
  3 rakshasas
  Josephine (D:13)
  2 entropy weavers
  28 hydras
  12 ice dragons
  2 spriggan air magi
  A ghost crab (shapeshifter) (D:15)
  2 ghost crabs
  The ghost of ck1fx the Nimble, a journeyman KoWz of Yredelemnul (Lair:4)
  3 catoblepae
  7 centaur warriors
  14 ogre magi
  4 dancing weapons
  9 alligators
  A queen ant (Spider:2)
  19 death yaks
  2 death knights
  14 tengu warriors
  A vampire mage (Depths:3)
  11 deep troll earth magi
  12 deep elf knights
  7 deep troll shamans
  14 spriggan berserkers
  Nergalle (Lair:1)
  3 sun demons (Depths:3)
  2 orc high priests (Orc:2)
  Sonja (Lair:2)
  3 soul eaters (Depths:3)
  2 iron trolls (Depths:4)
  10 skeletal warriors
  5 hell knights
  26 deep trolls
  3 fire crabs
  4 spriggan druids
  2 unseen horrors
  2 flayed ghosts
  7 giant orange brains
  A deep troll (shapeshifter) (Vaults:3)
  7 hill giants
  16 swamp dragons
  Pikel (D:6)
  A lindwurm (Lair:8)
  An orange crystal statue (Vaults:1)
  19 orc knights
  7 harpies
  10 phantasmal warriors
  20 ironbrand convokers
  34 deep elf magi
  4 necromancers
  10 deep elf archers
  16 orb spiders
  A human zombie (Vaults:4)
  5 orc sorcerers
  A shadow dragon skeleton (Vaults:4)
  A wolf spider zombie (D:14)
  6 griffons
  3 wizards
  6 hornets
  19 wolf spiders
  A salamander (shapeshifter) (Vaults:1)
  A shining eye (Lair:7)
  4 cyclopes
  A frost giant zombie (Vaults:4)
  20 moths of wrath
  2 sixfirhies (Depths:1)
  63 ugly things
  3 manticores
  4 black mambas
  16 vault sentinels
  Joseph (Lair:1)
  A guardian serpent (shapeshifter) (Vaults:3)
  An ice statue (Depths:3)
  An iron giant simulacrum (Depths:3)
  28 elephants
  Psyche (D:9)
  An orange demon (D:1)
  An eye of devastation (shapeshifter) (D:13)
  7 rust devils (Depths:3)
  A torpor snail (Spider:1)
  A human skeleton (Vaults:4)
  A spiny frog (shapeshifter) (Vaults:2)
  An eye of devastation (Slime:1)
  3 kobold demonologists
  A rime drake (Lair:1)
  A komodo dragon (shapeshifter) (D:15)
  15 komodo dragons
  16 spiny frogs
  An efreet (Depths:3)
  A gargoyle (D:15)
  47 yaktaurs
  4 ice devils (Depths:3)
  9 freezing wraiths
  6 demonic crawlers
  3 red devils
  A yaktaur skeleton (Vaults:4)
  5 tengu conjurers
  6 trolls
  15 jumping spiders
  A tengu simulacrum (Vaults:4)
  2 trolls (shapeshifter)
  5 polar bears
  23 two-headed ogres
  2 polar bears (shapeshifter)
  14 blink frogs
  A wind drake (shapeshifter) (Vaults:5)
  3 boulder beetles
  8 bog bodies
  2 giant leeches (Swamp:4)
  Prince Ribbit (D:7)
  A boulder beetle (shapeshifter) (Vaults:1)
  56 slime creatures
  3 small abominations (Vaults:5)
  A fire giant simulacrum (Depths:3)
  A hornet zombie (D:15)
  7 air elementals
  An ettin skeleton (Vaults:4)
  3 flying skulls (Depths:3)
  A spriggan (shapeshifter) (Vaults:2)
  6 shadows
  2 tarantellas (shapeshifter)
  19 tarantellas
  10 wraiths
  37 yaks
  55 redbacks
  9 spriggans
  8 water elementals
  2 wyverns
  12 hippogriffs
  2 vampires
  3 fire elementals
  A yak (shapeshifter) (Vaults:5)
  A wyvern (shapeshifter) (Depths:3)
  A hog (shapeshifter) (D:14)
  3 golden eyes
  33 vampire mosquitoes
  3 basilisks
  A steam dragon (shapeshifter) (D:15)
  A redback simulacrum (Vaults:1)
  A yaktaur simulacrum (Vaults:1)
  Edmund (D:6)
  4 mottled dragons
  4 insubstantial wisps (Swamp:3)
  2 wargs
  2 hydra simulacra (Zot:4)
  20 soldier ants
  17 swamp worms
  8 hell hounds
  2 sky beasts
  15 water moccasins
  A giant eyeball (Depths:2)
  9 porcupines
  An ice beast (shapeshifter) (Vaults:5)
  14 swamp drakes
  33 orc warriors
  17 ice beasts
  A phantom (D:10)
  14 wasps
  2 black bears
  2 slaves (D:6)
  2 eyes of draining
  7 boggarts
  The ghost of Bluetommy2 the Magician, an amateur DsWz of Makhleb (D:4)
  12 centaurs
  5 necrophages (Lair:3)
  47 ogres
  16 wolves
  12 crocodiles
  6 big kobolds
  Blork the orc (D:6)
  20 giant frogs
  2 earth elementals (Elf:1)
  A wyvern zombie (D:13)
  4 killer bees (D:7)
  2 scorpions
  8 wights
  5 howler monkeys
  6 electric eels
  2 centaur zombies
  12 crimson imps
  25 orc wizards
  2 giant frog zombies
  4 hounds
  8 jellies
  30 orc priests
  4 centaur skeletons
  A giant frog skeleton (D:5)
  Terence (D:3)
  12 iguanas
  Natasha (thrice) (D:3)
  33 worker ants
  A killer bee zombie (D:10)
  18 sheep
  Robin (D:3)
  A howler monkey skeleton (D:10)
  14 adders
  80 river rats
  A river rat (shapeshifter) (Vaults:5)
  6 shadow imps
  An ooze (D:3)
  An adder zombie (D:9)
  4 adder skeletons
  4 worms
  A dart slug (D:1)
  8 giant geckos
  106 orcs
  5 bats
  6 giant cockroaches
  18 goblins
  10 hobgoblins
  14 jackals
  A kobold (shapeshifter) (Vaults:5)
  24 kobolds
  3 quokkas
  A ball python (D:5)
  A ball python skeleton (D:6)
  A giant gecko zombie (D:7)
  4 giant newts
  2 rats
  A briar patch (Swamp:2)
  5 crawling corpses (Vaults:5)
  4 fire vortices (Depths:3)
  A plant (Lair:8)
2399 creatures vanquished.

Vanquished Creatures (collateral kills)
  Nikola (Elf:1)
  An emperor scorpion (Spider:4)
  3 death yaks (Lair:8)
  An orc high priest (Orc:2)
  A shambling mangrove (Swamp:1)
  A deep elf archer (Elf:1)
  An orc knight (Orc:2)
  4 deep elf magi (Elf:1)
  3 orc sorcerers (Orc:2)
  2 wolf spiders (Spider:4)
  A demonic crawler (Spider:4)
  4 bog bodies (Swamp:1)
  A redback (Spider:4)
  A swamp drake (Swamp:1)
  2 orc warriors (Orc:2)
  An orc priest (Orc:2)
  3 orc wizards (Orc:2)
31 creatures vanquished.

Vanquished Creatures (others)
  2 draconian scorchers
  The ghost of charan the Geomancer, a journeyman GrEE of Vehumet (Orc:2)
  A ghost moth (Zot:5)
  A draconian zealot (Zot:4)
  An ironheart preserver (Vaults:5)
  A stone giant (Vaults:5)
  Nessos (Lair:5)
  The ghost of amijlee the Geomancer, a journeyman GrEE of Vehumet (Lair:7)
  A deep elf annihilator (Vaults:3)
  A deep elf demonologist (Vaults:5)
  A vault guard (Vaults:5)
  A deep elf high priest (Vaults:5)
  An ogre mage (D:15)
  A dancing weapon (Vaults:5)
  A tengu warrior (Depths:3)
  A deep elf knight (Elf:1)
  3 deep elf archers
  A deep elf mage (Vaults:4)
  A moth of wrath (Zot:2)
  A rust devil (Depths:3)
  15 yaktaurs
  A golden dragon simulacrum (Depths:3)
  3 redbacks
  A tarantella (Spider:4)
  A yak (Lair:6)
  3 swamp worms
  5 orc warriors
  An ogre (Depths:1)
  5 centaurs
  A giant frog (D:6)
  A howler monkey (D:6)
  A crimson imp (D:10)
  4 sheep (D:9)
  An orc (Orc:2)
  A quokka (D:6)
  28 fungi
  15 plants
110 creatures vanquished.

Grand Total: 2540 creatures vanquished

Notes
Turn   | Place    | Note
--------------------------------------------------------------
     0 | D:1      | sleepydude the Deep Dwarf Fighter began the quest for the Orb.
     0 | D:1      | Reached XP level 1. HP: 20/20 MP: 1/1
   181 | D:1      | Reached XP level 2. HP: 22/27 MP: 2/2
   788 | D:2      | Found a sacrificial altar of Ru.
   799 | D:2      | Reached XP level 3. HP: 26/34 MP: 3/3
   838 | D:2      | Found a shattered altar of Ashenzari.
   923 | D:2      | Found a burning altar of Makhleb.
   931 | D:2      | Became a worshipper of Makhleb the Destroyer
  1351 | D:3      | Reached skill level 1 in Dodging
  1358 | D:3      | Reached XP level 4. HP: 32/42 MP: 4/4
  1398 | D:3      | Noticed Robin
  1403 | D:3      | Reached * piety under Makhleb
  1408 | D:3      | Noticed Natasha
  1430 | D:3      | Killed Robin
  1442 | D:3      | Killed Natasha
  1442 | D:3      | Reached XP level 5. HP: 41/49 MP: 5/5
  1584 | D:3      | Noticed Terence
  1591 | D:3      | Killed Terence
  1717 | D:3      | Noticed Natasha
  1731 | D:3      | Killed Natasha
  1781 | D:3      | Reached ** piety under Makhleb
  1904 | D:3      | Noticed Natasha
  1913 | D:3      | Killed Natasha
  1913 | D:3      | Reached skill level 5 in Shields
  2062 | D:3      | Reached XP level 6. HP: 54/56 MP: 6/6
  2306 | D:4      | Noticed Bluetommy2's ghost (amateur DsWz)
  2331 | D:4      | Killed Bluetommy2's ghost
  2604 | D:4      | Reached XP level 7. HP: 63/63 MP: 7/7
  2735 | D:5      | Entered Level 5 of the Dungeon
  2778 | D:5      | Reached skill level 5 in Armour
  2780 | D:5      | Found an opulent altar of Gozag.
  2794 | D:5      | Reached *** piety under Makhleb
  2864 | D:5      | Found an iron altar of Okawaru.
  3305 | D:5      | Found a glowing golden altar of the Shining One.
  3339 | D:6      | Found a shadowy altar of Dithmenos.
  3339 | D:6      | Noticed Prince Ribbit
  3389 | D:5      | Reached XP level 8. HP: 30/73 MP: 8/8
  3409 | D:6      | Noticed Edmund
  3409 | D:6      | Noticed Blork the orc
  3452 | D:6      | Reached **** piety under Makhleb
  3502 | D:6      | Killed Edmund
  3557 | D:6      | Noticed Pikel
  3598 | D:6      | Killed Pikel
  3598 | D:6      | Reached skill level 5 in Fighting
  3598 | D:6      | Reached skill level 5 in Maces & Flails
  3598 | D:6      | Reached skill level 5 in Dodging
  3632 | D:6      | Killed Blork the orc
  3633 | D:6      | Found Deotu's Jewellery Emporium.
  3740 | D:6      | Gained mutation: You passively map the area around you. [Deep Dwarf growth]
  3740 | D:6      | Reached XP level 9. HP: 56/81 MP: 8/8
  3770 | D:6      | Found Iblelax's Antique Weapon Shop.
  3952 | D:6      | Found Rusunwa's General Store.
  3990 | D:6      | Found Jeom's Weapon Emporium.
  4421 | D:7      | Found a stormy altar of Qazlal.
  4521 | D:7      | Found a staircase to the Ecumenical Temple.
  4533 | D:7      | Killed Prince Ribbit
  4539 | Temple   | Entered the Ecumenical Temple
  4716 | D:7      | Found an iron altar of Okawaru.
  4832 | D:8      | Found a blossoming altar of Fedhas.
  5198 | D:8      | Found a bloodstained altar of Trog.
  5253 | D:8      | Found a deep blue altar of Sif Muna.
  5317 | D:8      | Reached ***** piety under Makhleb
  5417 | D:8      | Found a radiant altar of Vehumet.
  5693 | D:9      | You fall through a shaft for 3 floors!
  5754 | D:12     | Reached XP level 10. HP: 92/92 MP: 8/8
  5844 | D:10     | Entered Level 10 of the Dungeon
  6017 | D:9      | Noticed Psyche
  6019 | D:9      | Found a staircase to the Lair.
  6028 | D:9      | Killed Psyche
  6260 | D:9      | Found a shimmering altar of Xom.
  6541 | D:9      | Found an oddly glowing altar of Pakellas.
  7138 | D:10     | Killed an unseen horror
  7577 | D:11     | Noticed a cyclops
  7584 | D:11     | Killed a cyclops
  7725 | D:11     | Reached XP level 11. HP: 100/100 MP: 8/8
  7735 | D:11     | Reached ****** piety under Makhleb
  8117 | D:12     | Noticed a hill giant
  8125 | D:12     | Killed a hill giant
  8255 | D:12     | Noticed a hill giant
  8405 | D:12     | Found a staircase to the Orcish Mines.
  8536 | D:12     | Noticed a hill giant
  8554 | D:12     | Killed a hill giant
  8599 | D:12     | Noticed a hill giant
  8678 | D:12     | Killed a hill giant
  8795 | D:12     | Killed a hill giant
  8803 | D:12     | Reached skill level 10 in Armour
  9676 | Lair:1   | Entered Level 1 of the Lair of Beasts
  9690 | Lair:1   | Reached skill level 10 in Shields
  9824 | Lair:1   | Reached XP level 12. HP: 111/111 MP: 9/9
  9829 | Lair:1   | Noticed Joseph
  9850 | Lair:1   | Killed Joseph
  9919 | Lair:1   | Reached skill level 1 in Invocations
 10050 | Lair:1   | Reached skill level 10 in Maces & Flails
 10358 | Lair:2   | Noticed Sonja
 10363 | Lair:2   | Noticed Nergalle
 10536 | Lair:1   | Killed Nergalle
 10885 | Lair:2   | Noticed an eight-headed hydra
 10902 | Lair:2   | Killed an eight-headed hydra
 11222 | Lair:2   | Killed Sonja
 11661 | Lair:3   | Reached skill level 10 in Dodging
 11888 | Lair:3   | Reached skill level 5 in Invocations
 12088 | Lair:3   | Noticed a seven-headed hydra
 12103 | Lair:3   | Killed a seven-headed hydra
 12545 | Lair:4   | Noticed ck1fx's ghost (journeyman KoWz)
 12626 | Lair:4   | Killed ck1fx's ghost
 12626 | Lair:4   | Reached XP level 13. HP: 121/121 MP: 14/14
 13611 | Lair:5   | Noticed Snorg
 13631 | Lair:5   | Killed Snorg
 13929 | Lair:5   | Found a hole to the Spider Nest.
 14116 | Lair:5   | Noticed Nessos
 14142 | Lair:5   | Killed Nessos
 14172 | Lair:5   | Found a staircase to the Swamp.
 15435 | Lair:7   | Found a staircase to the Slime Pits.
 15435 | Lair:7   | Found a viscous altar of Jiyva.
 15463 | Lair:7   | Reached skill level 10 in Fighting
 15496 | Lair:7   | Gained mutation: You resist negative energy. [Deep Dwarf growth]
 15496 | Lair:7   | Reached XP level 14. HP: 124/132 MP: 16/16
 15555 | Lair:7   | Noticed amijlee's ghost (journeyman GrEE)
 15605 | Lair:7   | Killed amijlee's ghost
 16386 | Lair:8   | Entered Level 8 of the Lair of Beasts
 17289 | Lair:8   | Reached skill level 10 in Invocations
 17806 | Lair:8   | Reached XP level 15. HP: 141/141 MP: 18/18
 18062 | Orc:1    | Entered Level 1 of the Orcish Mines
 18174 | Orc:1    | Found a roughly hewn altar of Beogh.
 18296 | Orc:1    | Found a roughly hewn altar of Beogh.
 18377 | Orc:2    | Entered Level 2 of the Orcish Mines
 18497 | Orc:2    | Noticed charan's ghost (journeyman GrEE)
 18528 | Orc:2    | Killed charan's ghost
 18611 | Orc:2    | Found a staircase to the Elven Halls.
 19239 | Orc:2    | Found Aroeg's General Store.
 19239 | Orc:2    | Found Qaz Quel's Weapon Shoppe.
 19240 | Orc:2    | Found Feudghiodo's Gadget Shop.
 19240 | Orc:2    | Found Erikhlenk's Antique Armour Shop.
 19591 | Swamp:1  | Entered Level 1 of the Swamp
 20097 | Spider:1 | Entered Level 1 of the Spider Nest
 20159 | Lair:5   | Reached skill level 1 in Evocations
 20369 | D:6      | Bought a scroll of identify for 22 gold pieces
 20612 | Orc:2    | Bought a scroll of enchant armour for 82 gold pieces
 20622 | Orc:2    | Bought a glowing cloak for 117 gold pieces
 20622 | Orc:2    | Bought a glowing helmet for 117 gold pieces
 21395 | Swamp:1  | Gained mutation: You expend magic power (3 MP) to strengthen your wands. [potion of mutation]
 21395 | Swamp:1  | Gained mutation: You are surrounded by a mild repulsion field (EV +2). [potion of mutation]
 21398 | Swamp:1  | Gained mutation: Your flesh is heat resistant. [potion of beneficial mutation]
 21821 | D:13     | Noticed Josephine
 21837 | D:13     | Killed Josephine
 22002 | D:13     | Noticed Maud
 22016 | D:13     | Killed Maud
 23039 | Swamp:2  | Noticed a thorn hunter
 23063 | Swamp:2  | Killed a thorn hunter
 23348 | Swamp:2  | Noticed Donald
 23349 | Swamp:2  | Noticed an Executioner
 23593 | Swamp:2  | Killed Donald
 23935 | Swamp:2  | Reached skill level 5 in Evocations
 24100 | Swamp:3  | Reached XP level 16. HP: 152/152 MP: 16/16
 24746 | Swamp:4  | Entered Level 4 of the Swamp
 24760 | Swamp:4  | Noticed Roxanne
 25188 | Swamp:4  | Noticed a thorn hunter
 25219 | Swamp:4  | Killed a thorn hunter
 25257 | Swamp:4  | Noticed a thorn hunter
 25277 | Swamp:4  | Killed a thorn hunter
 25706 | Swamp:4  | Got a decaying rune of Zot
 26176 | Spider:1 | Noticed Agnes
 26217 | Spider:1 | Killed Agnes
 26322 | Spider:1 | Got a black opal-encrusted leather armour
 26336 | Spider:1 | Identified the +3 leather armour of Impermeability {rElec rN+} (You found it on level 1 of the Spider Nest)
 26690 | Spider:2 | Noticed Frances
 26690 | Spider:2 | Noticed Louise
 26692 | Spider:2 | Noticed Azrael
 26708 | Spider:2 | Killed Louise
 26723 | Spider:1 | Killed Frances
 26786 | Spider:2 | Killed Azrael
 27116 | Spider:2 | Reached XP level 17. HP: 162/162 MP: 17/17
 28204 | Spider:4 | Entered Level 4 of the Spider Nest
 28242 | Spider:4 | Noticed Wiglaf
 28262 | Spider:4 | Killed Wiglaf
 28320 | Spider:4 | Reached skill level 15 in Shields
 28342 | Spider:4 | Reached skill level 15 in Armour
 28975 | Spider:3 | Reached skill level 10 in Evocations
 29619 | Spider:4 | Got a gossamer rune of Zot
 29865 | Lair:4   | Reached skill level 15 in Dodging
 30659 | D:14     | Found a gate to the Vaults.
 30720 | D:14     | Found Anannud's Magic Scroll Shop.
 30728 | D:14     | Bought a scroll of identify for 34 gold pieces
 30728 | D:14     | Bought a scroll of identify for 34 gold pieces
 30728 | D:14     | Bought a scroll of identify for 34 gold pieces
 30728 | D:14     | Bought a scroll of enchant weapon for 127 gold pieces
 30728 | D:14     | Bought a scroll of identify for 34 gold pieces
 30728 | D:14     | Bought a scroll of identify for 34 gold pieces
 30728 | D:14     | Bought a scroll of identify for 34 gold pieces
 30729 | D:14     | Bought a scroll of enchant armour for 127 gold pieces
 31107 | D:15     | Entered Level 15 of the Dungeon
 31456 | D:15     | Gained mutation: You passively map a large area around you. [Deep Dwarf growth]
 31456 | D:15     | Reached XP level 18. HP: 172/172 MP: 18/18
 31539 | D:15     | Found a staircase to the Depths.
 32050 | Vaults:1 | Entered Level 1 of the Vaults
 33820 | Vaults:2 | Noticed Frederick
 33838 | Vaults:2 | Killed Frederick
 34190 | Vaults:2 | Learned a level 4 spell: Animate Dead
 34297 | Vaults:2 | Reached skill level 1 in Necromancy
 34405 | Vaults:2 | Reached skill level 1 in Spellcasting
 34775 | Vaults:2 | Noticed a tentacled monstrosity
 34782 | Vaults:2 | Reached XP level 19. HP: 183/183 MP: 16/20
 35032 | Vaults:2 | Got a smoking scale mail
 35035 | Vaults:2 | Identified the cursed +0 scale mail of Daisies {Stlth+} (You found it on level 2 of the Vaults)
 35307 | Vaults:3 | Noticed Jorgrun
 35314 | Vaults:3 | Found Deheh's General Store.
 35325 | Vaults:3 | Killed Jorgrun
 35449 | Vaults:3 | Reached skill level 5 in Necromancy
 36056 | Vaults:3 | Found a staircase to the Crypt.
 36837 | Vaults:4 | Noticed Mara
 36837 | Vaults:4 | Noticed Mara
 36837 | Vaults:4 | Noticed Mara
 36838 | Vaults:4 | Noticed sleepydude's illusion
 37016 | Vaults:4 | Noticed sleepydude's illusion
 37040 | Vaults:4 | Killed Mara
 37314 | Vaults:4 | Reached XP level 20. HP: 192/192 MP: 20/20
 37864 | Vaults:4 | Noticed Mennas
 37948 | Vaults:4 | Killed Mennas
 37948 | Vaults:4 | Reached skill level 15 in Fighting
 38006 | Vaults:4 | Noticed a Tzitzimitl
 38151 | Vaults:4 | Found an opulent altar of Gozag.
 38232 | Vaults:4 | Found Gozag's Antique Weapon Shoppe.
 38236 | Vaults:4 | Found Gozag's Antique Armour Emporium.
 38239 | Vaults:4 | Found Gozag's Assorted Antiques.
 39229 | Elf:1    | Entered Level 1 of the Elven Halls
 39405 | Elf:1    | Noticed Nikola
 39482 | Elf:1    | Killed Nikola
 39743 | Elf:1    | Gained mutation: Your mind is acute. (Int +2) [a neqoxec]
 40365 | Depths:1 | Entered Level 1 of the Depths
 40798 | Depths:1 | Reached XP level 21. HP: 127/204 MP: 20/20
 41011 | Depths:1 | Found Aptiwk's Weapon Shoppe.
 41218 | Depths:1 | Found a one-way gate leading to the halls of Pandemonium.
 41309 | Depths:1 | Found a gateway to Hell.
 42045 | Depths:2 | Paralysed by a giant eyeball for 4 turns
 42226 | Depths:2 | Found a one-way gate to the infinite horrors of the Abyss.
 42427 | Depths:3 | Found a sparkling altar of Nemelex Xobeh.
 43029 | Depths:3 | Found an ancient bone altar of Kikubaaqudgha.
 43037 | Depths:3 | Noticed a golden dragon
 43073 | Depths:3 | Killed a golden dragon
 43484 | Vaults:5 | Entered Level 5 of the Vaults
 43595 | Vaults:5 | Reached XP level 22. HP: 171/214 MP: 19/19
 43675 | Vaults:5 | Noticed a golden dragon
 43678 | Vaults:5 | Noticed an ancient lich
 43700 | Vaults:5 | Killed an ancient lich
 43941 | Vaults:5 | Killed a golden dragon
 44397 | Vaults:5 | Got a silver rune of Zot
 44751 | Vaults:5 | Reached XP level 23. HP: 213/225 MP: 19/19
 44808 | Vaults:5 | Gained mutation: You have a somewhat thin skeletal structure (Dex +2, Stealth). [potion of beneficial mutation]
 44883 | Vaults:5 | Found Wodd's Magic Scroll Shop.
 44952 | Vaults:5 | Got a steaming helmet
 44953 | Vaults:5 | Identified the +1 helmet of Tenacity {*Contam rC++ Dex+6} (You found it on level 5 of the Vaults)
 44968 | Vaults:5 | Got a bloodstained leather armour
 44969 | Vaults:5 | Identified the cursed +0 leather armour of Insecurity {SInv Stlth+} (You found it on level 5 of the Vaults)
 45061 | Vaults:5 | Got a spiked plate armour
 45062 | Vaults:5 | Identified the +10 plate armour "Temulaewk" {+Fly rC- Str+6 Stlth+} (You found it on level 5 of the Vaults)
 45667 | Vaults:4 | Bought a scroll labeled XIKEM SUNKYAPU for 100 gold pieces
 45667 | Vaults:4 | Bought a scroll of blinking for 750 gold pieces
 45667 | Vaults:4 | Bought a scroll labeled XIKEM SUNKYAPU for 100 gold pieces
 46059 | Crypt:1  | Entered Level 1 of the Crypt
 46540 | Slime:1  | Entered Level 1 of the Pits of Slime
 46544 | Slime:1  | Gained mutation: You are clumsy. (Dex -2) [a shining eye]
 46635 | Lair:7   | Gained mutation: Scrolls take you a little longer to read. [a shining eye]
 46643 | Lair:7   | Gained mutation: You are very clumsy. (Dex -4) [a shining eye]
 46648 | Lair:7   | Gained mutation: Your spells are a little easier to cast, but a little less powerful. [a shining eye]
 47606 | Depths:3 | Got a brightly glowing scale mail
 47609 | Depths:3 | Identified the +1 scale mail "Datemed" {MP+9 Str+4 Int+4 Dex-4} (You took it off a tengu warrior on level 3 of the Depths)
 47660 | Depths:3 | Noticed a juggernaut
 47687 | Depths:3 | Killed a juggernaut
 47870 | Depths:3 | Got a pair of ichor-stained gloves
 47883 | Depths:3 | Identified the +0 pair of gloves of the Nine of Cups {rF+} (You found it on level 3 of the Depths)
 47949 | Depths:3 | Found a glowing golden altar of the Shining One.
 48034 | Depths:3 | Found a radiant altar of Vehumet.
 48478 | Depths:4 | Found a gateway to a ziggurat.
 48954 | Depths:4 | Got a transparent short sword
 48981 | Depths:4 | Got a transparent mace
 48984 | Depths:4 | Identified the +6 mace of the Magi {freeze, +Blink +Inv Str+6 Int+2} (You found it on level 4 of the Depths)
 49168 | Depths:4 | Reached XP level 24. HP: 200/237 MP: 17/17
 49697 | Depths:5 | Entered Level 5 of the Depths
 50609 | Depths:5 | Found a gate to the Realm of Zot.
 51178 | Zot:1    | Entered Level 1 of the Realm of Zot
 51734 | Zot:1    | Reached XP level 25. HP: 225/247 MP: 17/17
 52807 | Zot:2    | Noticed an ancient lich
 52888 | Zot:2    | Killed an ancient lich
 54402 | Zot:4    | Reached XP level 26. HP: 249/259 MP: 18/18
 54455 | Zot:4    | Noticed an orb of fire
 54467 | Zot:4    | Gained mutation: Your body sometimes deteriorates upon taking damage. [an orb of fire]
 54500 | Zot:4    | Killed an orb of fire
 54844 | Zot:4    | Reached skill level 15 in Invocations
 55033 | Zot:4    | Gained mutation: Armour fits poorly on your strangely shaped body. [a neqoxec]
 55437 | Zot:5    | Entered Level 5 of the Realm of Zot
 55785 | Zot:5    | Noticed an ancient lich
 55788 | Zot:5    | Noticed an orb of fire
 55788 | Zot:5    | Gained mutation: Scrolls take you longer to read. [an orb of fire]
 55812 | Zot:5    | Killed an orb of fire
 55826 | Zot:5    | Noticed an orb of fire
 55828 | Zot:5    | Killed an ancient lich
 55829 | Zot:5    | Noticed an orb of fire
 55830 | Zot:5    | Lost mutation: Your mind is acute. (Int +2) [an orb of fire]
 55854 | Zot:5    | Gained mutation: You are weak. (Str -2) [an orb of fire]
 55881 | Zot:5    | Killed an orb of fire
 55889 | Zot:5    | Gained mutation: Your spells are easier to cast, but less powerful. [an orb of fire]
 55919 | Zot:5    | Gained mutation: You occasionally shout uncontrollably at your foes. [an orb of fire]
 55926 | Zot:5    | Gained mutation: You are dopey. (Int -2) [an orb of fire]
 55931 | Zot:5    | Killed an orb of fire
 55935 | Zot:5    | Noticed an ancient lich
 56190 | Zot:5    | Killed an ancient lich
 56271 | Zot:5    | Noticed an ancient lich
 56309 | Zot:5    | Killed an ancient lich
 56309 | Zot:5    | Reached XP level 27. HP: 270/270 MP: 16/18
 56388 | Zot:5    | Noticed an ancient lich
 56390 | Zot:5    | Noticed an orb of fire
 56436 | Zot:5    | Killed an orb of fire
 56446 | Zot:5    | Killed an ancient lich
 56467 | Zot:5    | Noticed an ancient lich
 56477 | Zot:5    | Killed an ancient lich
 56668 | Zot:5    | Lost mutation: You are weak. (Str -2) [potion of cure mutation]
 56668 | Zot:5    | Lost mutation: You have a somewhat thin skeletal structure (Dex +2, Stealth). [potion of cure mutation]
 56668 | Zot:5    | Lost mutation: Your spells are easier to cast, but less powerful. [potion of cure mutation]
 56668 | Zot:5    | Lost mutation: You are dopey. (Int -2) [potion of cure mutation]
 56669 | Zot:5    | Lost mutation: You expend magic power (3 MP) to strengthen your wands. [potion of cure mutation]
 56669 | Zot:5    | Lost mutation: You are very clumsy. (Dex -4) [potion of cure mutation]
 56669 | Zot:5    | Lost mutation: Scrolls take you longer to read. [potion of cure mutation]
 56669 | Zot:5    | Lost mutation: Scrolls take you a little longer to read. [potion of cure mutation]
 56669 | Zot:5    | Lost mutation: You are clumsy. (Dex -2) [potion of cure mutation]
 56669 | Zot:5    | Lost mutation: You occasionally shout uncontrollably at your foes. [potion of cure mutation]
 56677 | Zot:5    | Got the Orb of Zot
 56774 | Zot:2    | Noticed Qoulikaq the pandemonium lord
 56927 | D:15     | Gained mutation: You are weak. (Str -2) [mutagenic glow]
 57081 | D:10     | Noticed Xuaqaph the pandemonium lord
 57098 | D:9      | Gained mutation: Your magical capacity is low (-10% MP). [mutagenic glow]
 57303 | D:1      | Gained mutation: You are clumsy. (Dex -2) [mutagenic glow]
 57355 | D:$      | Escaped with the Orb!

Skill      XL: |  1  2  3  4  5  6  7  8  9 10 11 12 13 14 15 16 17 18 19 20 21 22 23 24 25 26 27 |
---------------+----------------------------------------------------------------------------------+-----
Fighting       | 3 4 5 6 7 8 9 10 11 12 13 14 15 16 17 18 19 20 | 20.6
Shields        | 4 5 6 7 8 9 10 11 12 13 14 15 16 17 18 19 20 21 22 23 | 23.5
Dodging        | 1 2 3 5 7 8 9 10 11 12 13 14 15 16 17 18 19 20 21 22 23 | 23.2
Armour         | 4 5 6 7 9 10 11 12 13 14 15 16 17 18 19 20 21 22 23 | 23.5
Maces & Flails | 3 4 5 6 7 9 11 12 | 12.0
Invocations    | 5 8 10 11 12 14 16 17 | 17.2
Evocations     | 5 9 11 12 | 12.6
Necromancy     | 2 8 |  8.5
Spellcasting   | 1 4 |  4.9

Action                   |  1- 3 |  4- 6 |  7- 9 | 10-12 | 13-15 | 16-18 | 19-21 | 22-24 | 25-27 || total
-------------------------+-------+-------+-------+-------+-------+-------+-------+-------+-------++-------
Melee: Flail             |    45 |       |   441 |   373 |       |       |       |       |       ||   859
       Whip              |    72 |   257 |    69 |  1066 |  2630 |   716 |   143 |       |       ||  4953
       Demon whip        |       |       |       |       |       |  1926 |  2501 |  2391 |  1745 ||  8563
Invok: Greater Servant o |       |       |       |       |     5 |     1 |     7 |     3 |     1 ||    17
       Lesser Servant of |       |       |       |       |     2 |       |       |       |       ||     2
 Abil: Device Recharging |       |       |     2 |     1 |     5 |       |     4 |     3 |     5 ||    20
       Evoke Invisibilit |       |       |       |       |       |       |     1 |     1 |       ||     2
Evoke: Wand              |     1 |     1 |     5 |    10 |    14 |     8 |    17 |    12 |    25 ||    93
  Use: Scroll            |       |       |    13 |    11 |    20 |    14 |    20 |    20 |     9 ||   107
       Potion            |       |       |       |       |    10 |     6 |     7 |    14 |    15 ||    52
 Stab: Fleeing           |       |       |       |     1 |       |       |       |       |       ||     1
       Distracted        |       |       |       |       |     2 |     1 |     2 |     1 |     2 ||     8
       Confused          |       |       |       |       |       |     1 |       |       |       ||     1
       Invisible         |       |       |       |       |       |       |     2 |     1 |       ||     3
  Eat: Chunk             |     1 |     3 |     8 |    12 |    16 |    27 |    15 |     6 |     1 ||    89
       Fruit             |       |     2 |     1 |    12 |    16 |     6 |     1 |    12 |    12 ||    62
       Pizza             |       |       |     2 |       |     1 |       |     5 |     1 |     1 ||    10
       Beef jerky        |       |       |       |     3 |     4 |     2 |     2 |     2 |       ||    13
       Royal jelly       |       |       |       |     1 |     1 |     2 |     1 |     1 |       ||     6
       Meat ration       |       |       |       |       |       |       |     3 |       |     2 ||     5
       Bread ration      |       |       |       |       |       |       |       |     1 |     1 ||     2
Armor: Scale mail        |    28 |       |       |       |       |       |       |       |       ||    28
       Chain mail        |    27 |   129 |   189 |       |       |       |       |       |       ||   345
       Plate armour      |       |       |   121 |   578 |   584 |   129 |   418 |       |       ||  1830
       Swamp dragon armo |       |       |       |       |    45 |   402 |       |       |       ||   447
       Gold dragon armou |       |       |       |       |       |       |    78 |   731 |   419 ||  1228
Dodge: Dodged            |    38 |    60 |   176 |   324 |   712 |  1010 |   784 |   859 |   702 ||  4665
Block: Shield            |    62 |   150 |   439 |  1018 |  1522 |   753 |       |       |       ||  3944
       Reflection        |       |       |     5 |    27 |    14 |    74 |   136 |    76 |    21 ||   353
       Large shield      |       |       |       |       |       |  1302 |  2496 |  2707 |  1683 ||  8188
